Rampage vs Phantoms

Created - Friday, November 27, 2015 at 08:38

Goals
1 2 3 T
Rampage 1 0 0 1
Phantoms 0 0 0 0
Shots
1 2 3 T
Rampage 7 11 7 25
Phantoms 0 6 8 14

1st period

1. Rampage , Bryan Rust 4 (Liam O'Brien, Nate Prosser) at 18:48 (PP)

Penalties :
Bryan Allen (LEH) for Roughing (Minor) at 0:43, Stephen Johns (LEH) for Interference (Minor) at 9:39, Stephen Johns (LEH) for Slashing (Double Minor) at 15:32, Garrett Wilson (LEH) for Goalie Interference (Minor) at 19:18

2nd period

No Goal

Penalties :
Stu Bickel (LEH) for Cross-checking (Minor) at 11:10, Andrej Nestrasil (SAN) for Holding (Minor) at 16:49, Steve MacIntyre (LEH) for Fighting (Major) at 19:15, Christian Thomas (SAN) for Fighting (Major) at 19:15

3rd period

No Goal

Penalties :
Keegan Lowe (LEH) for Boarding (Minor) at 8:51

Goalie Stats

Pheonix Copley (SAN), 14 saves from 14 shots - (1.000), W, 12-1-0, 60:00 minutes
Marek Mazanec (LEH), 24 saves from 25 shots - (0.960), L, 12-8-4, 59:51 minutes

Players Stats for Rampage

Player Name              G  A  P  +/- PIM S  H  SB GA TA FO     MP     PP MP  PK MP  
------------------------------------------------------------------------------------
Andrej Nestrasil         0  0  0   0  2   3  0  0  3  2  2/10   18:42   5:51   0:00 
Brett Hextall            0  0  0   0  0   0  0  0  0  0  0/0     9:05   0:00   0:00 
Bryan Rust               1  0  1   0  0   4  2  1  2  0  0/0    14:16   0:15   0:00 
Christian Thomas         0  0  0   0  5   1  1  0  2  1  0/0    14:46   7:05   0:00 
Colton Sceviour          0  0  0   0  0   1  1  1  2  0  3/4    19:47   5:51   1:21 
Connor Brickley          0  0  0   0  0   0  6  0  1  0  2/8    17:10   7:05   0:00 
Daniel Briere            0  0  0   0  0   2  1  2  3  1  0/0    18:26   5:51   0:00 
FARM PLAYER10            0  0  0   0  0   0  0  0  0  0  1/8    13:07   0:37   1:18 
Joel Chouinard           0  0  0   0  0   0  4  2  0  0  0/0    17:23   2:14   0:00 
Keaton Ellerby           0  0  0   0  0   3  2  1  0  2  0/0    23:29   5:30   0:18 
Liam O'Brien             0  1  1   0  0   1  3  0  0  1  0/0    10:30   0:15   0:00 
Matt Dumba               0  0  0   0  0   0  0  0  0  0  0/0     2:18   0:00   0:00 
Max Friberg              0  0  0   0  0   2  2  0  1  2  1/1    13:45   0:00   0:57 
Michal Rozsival          0  0  0   0  0   5  3  1  1  1  0/0    26:37   6:08   1:41 
Nate Prosser             0  1  1   0  0   1  0  2  0  4  0/0    24:32   6:38   1:41 
Tanner Richard           0  0  0   0  0   1  2  0  0  0  1/2    13:27   0:00   0:22 
Taylor Beck              0  0  0   0  0   0  2  1  3  2  0/2    17:10   7:05   0:00 
Tomas Kundratek          0  0  0   0  0   1  2  1  0  0  0/0    23:29   5:30   0:18 

Players Stats for Phantoms

Player Name              G  A  P  +/- PIM S  H  SB GA TA FO     MP     PP MP  PK MP  
------------------------------------------------------------------------------------
Ben Street               0  0  0   0  0   2  0  2  7  0  8/8    19:41   1:03   5:35 
Brian Strait             0  0  0   0  0   0  1  2  1  2  0/0    22:07   1:05   7:23 
Bryan Allen              0  0  0   0  2   1  0  2  0  1  0/0    21:03   1:05   5:24 
Bryan Lerg               0  0  0   0  0   0  1  0  1  0  5/8    19:49   1:03   5:45 
Byron Froese             0  0  0   0  0   1  1  0  0  0  6/10   16:36   0:56   0:21 
Chris Langkow            0  0  0   0  0   0  0  0  3  0  6/9    16:49   0:00   1:52 
Chris Neil               0  0  0   0  0   3  1  1  5  0  0/0    19:42   0:56   5:47 
Deryk Engelland          0  0  0   0  0   3  3  1  3  3  0/0    22:37   1:03   5:48 
Garrett Wilson           0  0  0   0  2   1  1  0  1  1  0/0    17:34   0:56   0:46 
Greg Zanon               0  0  0   0  0   0  0  1  0  1  0/0    15:19   0:54   5:48 
Jared Nightingale        0  0  0   0  0   0  0  1  0  0  0/0    10:10   0:00   0:00 
Keegan Lowe              0  0  0   0  2   1  0  0  0  0  0/0    10:18   0:00   0:00 
Martin Gernat            0  0  0   0  0   1  0  0  0  0  0/0    14:52   0:00   1:59 
Nathan Longpre           0  0  0   0  0   0  0  0  0  0  0/0     0:33   0:00   0:00 
Stephen Johns            0  0  0   0  6   0  1  1  0  0  0/0    12:29   0:00   0:00 
Steve MacIntyre          0  0  0   0  5   0  3  0  1  0  0/0    11:42   0:00   0:00 
Stu Bickel               0  0  0   0  2   1  0  2  0  0  0/0    19:09   0:54   2:52 
Tom Sestito              0  0  0   0  0   0  2  0  0  1  0/0    16:12   0:00   3:24 

3 Stars

1 - Marek Mazanec (LEH)
2 - Pheonix Copley (SAN)
3 - Bryan Rust (SAN)

Power Play

Rampage - 1 on 7 Attempt(s) - 14.29%
Phantoms - 0 on 1 Attempt(s) - 0.00%

Penalty Kill

Rampage - 1 on 1 Attempt(s) - 100.00% - Score 0 goal in Penalty Kill
Phantoms - 6 on 7 Attempt(s) - 85.71% - Score 0 goal in Penalty Kill

Team Stat

Rampage - Hits : 31 - Faceoff Wins : 10 - Blocked Shots : 12 - Penalty Minutes : 7
Phantoms - Hits : 14 - Faceoff Wins : 25 - Blocked Shots : 13 - Penalty Minutes : 19

Official

Referees : Unknown
Linesman : Unknown

Game Notes

Steve MacIntyre and Christian Thomas fight to a draw at 19:15 of 2nd period

Finance

Level 1 -- Attendance: 1572 (78.60%) -- Ticket Income $22,008
Level 2 -- Attendance: 821 (82.10%) -- Ticket Income $4,105
Total Attendance: 2393 (79.77%)
Total Ticket Income: $26,113
Other Income: $12,795
Total Income: $38,908

Rampage

5 vs 5 Forward 
   Center                   Left Wing                Right Wing               Time % Phy DF OF 
 1 Andrej Nestrasil         Daniel Briere            Colton Sceviour          35     1   2  2  
 2 Connor Brickley          Taylor Beck              Christian Thomas         30     1   2  2  
 3 Tanner Richard           Bryan Rust               Max Friberg              22     1   2  2  
 4 FARM PLAYER10            Liam O'Brien             Brett Hextall            13     1   2  2  

5 vs 5 Defense 
   Defense                  Defense                                           Time % Phy DF OF 
 1 Michal Rozsival          Nate Prosser                                      35     1   2  2  
 2 Keaton Ellerby           Tomas Kundratek                                   30     1   2  2  
 3 Joel Chouinard           Michal Rozsival                                   22     1   2  2  
 4 Nate Prosser             Michal Rozsival                                   13     1   2  2  

PowerPlay Forward 
   Center                   Left Wing                Right Wing               Time % Phy DF OF 
 1 Andrej Nestrasil         Daniel Briere            Colton Sceviour          60     1   2  2  
 2 Connor Brickley          Taylor Beck              Christian Thomas         40     1   2  2  

PowerPlay Defense
   Defense                  Defense                                           Time % Phy DF OF 
 1 Michal Rozsival          Nate Prosser                                      60     1   2  2  
 2 Keaton Ellerby           Tomas Kundratek                                   40     1   2  2  

Penalty Kill 4 Players Forward 
   Center                   Wing                     Time % Phy DF OF 
 1 Colton Sceviour          Andrej Nestrasil         60     1   2  2  
 2 Daniel Briere            Taylor Beck              40     1   2  2  

Penalty Kill 4 Players Defense
   Defense                  Defense                  Time % Phy DF OF 
 1 Michal Rozsival          Nate Prosser             60     1   2  2  
 2 Keaton Ellerby           Tomas Kundratek          40     1   2  2  

Penalty Kill - 3 Players Forward 
   Forward                                           Time % Phy DF OF 
 1 Colton Sceviour                                   60     1   2  2  
 2 Andrej Nestrasil                                  40     1   2  2  

Penalty Kill - 3 Players Defense
   Defense                  Defense                  Time % Phy DF OF 
 1 Michal Rozsival          Nate Prosser             60     1   2  2  
 2 Keaton Ellerby           Tomas Kundratek          40     1   2  2  

4 vs 4 Forward 
   Center                   Wing                     Time % Phy DF OF 
 1 Colton Sceviour          Andrej Nestrasil         60     1   2  2  
 2 Daniel Briere            Taylor Beck              40     1   2  2  

4 vs 4 Defense
   Defense                  Defense                  Time % Phy DF OF 
 1 Michal Rozsival          Nate Prosser             60     1   2  2  
 2 Keaton Ellerby           Tomas Kundratek          40     1   2  2  

Last Minutes Offensive
   Center                   Left Wing                Right Wing               Defense                  Defense                  
   Andrej Nestrasil         Daniel Briere            Colton Sceviour          Michal Rozsival          Nate Prosser             

Last Minutes Defensive
   Center                   Left Wing                Right Wing               Defense                  Defense                  
   Andrej Nestrasil         Daniel Briere            Colton Sceviour          Michal Rozsival          Nate Prosser             

Goaltenders
Starting : Pheonix Copley           
Backup : Viktor Fasth             

Extra Forwards
Normal : Bryan Rust, Liam O'Brien, Max Friberg - PP : Bryan Rust, Liam O'Brien - PK : Max Friberg
Extra Defensemen
Normal : Joel Chouinard, Michal Rozsival, FARM PLAYER10 - PP : Joel Chouinard - PK : Michal Rozsival, FARM PLAYER10
Penalty Shots
Colton Sceviour, Andrej Nestrasil, Daniel Briere, Taylor Beck, Christian Thomas

Phantoms

5 vs 5 Forward 
   Center                   Left Wing                Right Wing               Time % Phy DF OF 
 1 Ben Street               Bryan Lerg               Deryk Engelland          35     1   2  2  
 2 Byron Froese             Garrett Wilson           Chris Neil               30     1   2  2  
 3 Bryan Lerg               Tom Sestito              Deryk Engelland          22     1   2  2  
 4 Chris Langkow            Steve MacIntyre          Deryk Engelland          13     1   2  2  

5 vs 5 Defense 
   Defense                  Defense                                           Time % Phy DF OF 
 1 Bryan Allen              Brian Strait                                      35     1   2  2  
 2 Greg Zanon               Stu Bickel                                        30     1   2  2  
 3 Stephen Johns            Martin Gernat                                     22     1   2  2  
 4 Jared Nightingale        Keegan Lowe                                       13     1   2  2  

PowerPlay Forward 
   Center                   Left Wing                Right Wing               Time % Phy DF OF 
 1 Ben Street               Bryan Lerg               Deryk Engelland          60     1   2  2  
 2 Byron Froese             Garrett Wilson           Chris Neil               40     1   2  2  

PowerPlay Defense
   Defense                  Defense                                           Time % Phy DF OF 
 1 Bryan Allen              Brian Strait                                      60     1   2  2  
 2 Greg Zanon               Stu Bickel                                        40     1   2  2  

Penalty Kill 4 Players Forward 
   Center                   Wing                     Time % Phy DF OF 
 1 Bryan Lerg               Chris Neil               60     1   2  2  
 2 Ben Street               Stu Bickel               40     1   2  2  

Penalty Kill 4 Players Defense
   Defense                  Defense                  Time % Phy DF OF 
 1 Bryan Allen              Brian Strait             60     1   2  2  
 2 Deryk Engelland          Greg Zanon               40     1   2  2  

Penalty Kill - 3 Players Forward 
   Forward                                           Time % Phy DF OF 
 1 Ben Street                                        60     1   2  2  
 2 Chris Neil                                        40     1   2  2  

Penalty Kill - 3 Players Defense
   Defense                  Defense                  Time % Phy DF OF 
 1 Bryan Allen              Brian Strait             60     1   2  2  
 2 Deryk Engelland          Greg Zanon               40     1   2  2  

4 vs 4 Forward 
   Center                   Wing                     Time % Phy DF OF 
 1 Chris Langkow            Chris Neil               60     1   2  2  
 2 Ben Street               Stu Bickel               40     1   2  2  

4 vs 4 Defense
   Defense                  Defense                  Time % Phy DF OF 
 1 Bryan Allen              Brian Strait             60     1   2  2  
 2 Deryk Engelland          Greg Zanon               40     1   2  2  

Last Minutes Offensive
   Center                   Left Wing                Right Wing               Defense                  Defense                  
   Ben Street               Chris Neil               Deryk Engelland          Bryan Allen              Brian Strait             

Last Minutes Defensive
   Center                   Left Wing                Right Wing               Defense                  Defense                  
   Ben Street               Chris Neil               Deryk Engelland          Bryan Allen              Brian Strait             

Goaltenders
Starting : Marek Mazanec            
Backup : Laurent Brossoit         

Extra Forwards
Normal : Bryan Lerg, Tom Sestito, Chris Langkow - PP : Bryan Lerg, Tom Sestito - PK : Chris Langkow
Extra Defensemen
Normal : Stephen Johns, Martin Gernat, Jared Nightingale - PP : Stephen Johns - PK : Martin Gernat, Jared Nightingale
Penalty Shots
Deryk Engelland, Tom Sestito, Chris Neil, Ben Street, Stu Bickel

% Time on Ice - Rampage

Lines # - Real PCT - Wanted PCT - Time Play
Normal Forward
1 - 28% - 35% - 12:17
2 - 23% - 30% - 10:05
3 - 29% - 22% - 12:48
4 - 21% - 13% - 9:05
Normal Defense
1 - 35% - 35% - 15:16
2 - 40% - 30% - 17:41
3 - 22% - 22% - 9:38
4 - 4% - 13% - 1:40
PP Forward
1 - 46% - 60% - 6:06
2 - 54% - 40% - 7:05
PP Defense
1 - 58% - 60% - 7:41
2 - 42% - 40% - 5:30
PK Forward
1 - 100% - 60% - 1:59
2 - 0% - 40% - 0:00
PK Defense
1 - 85% - 60% - 1:41
2 - 15% - 40% - 0:18
PK3 Forward
1 - 0% - 60%
2 - 0% - 40%
PK3 Defense
1 - 0% - 60%
2 - 0% - 40%
44 Forward
1 - 0% - 60%
2 - 0% - 40%
44 Defense
1 - 0% - 60%
2 - 0% - 40%
Last Minute Offensive  - 0:00
Last Minute Defensive  - 0:35
Total
Forward - 60:00
Defense - 60:00

% Time on Ice - Phantoms

Lines # - Real PCT - Wanted PCT - Time Play
Normal Forward
1 - 16% - 35% - 7:03
2 - 38% - 30% - 17:03
3 - 14% - 22% - 6:01
4 - 32% - 13% - 14:14
Normal Defense
1 - 30% - 35% - 13:10
2 - 19% - 30% - 8:37
3 - 28% - 22% - 12:24
4 - 23% - 13% - 10:10
PP Forward
1 - 53% - 60% - 1:03
2 - 47% - 40% - 0:56
PP Defense
1 - 55% - 60% - 1:05
2 - 45% - 40% - 0:54
PK Forward
1 - 71% - 60% - 9:22
2 - 29% - 40% - 3:49
PK Defense
1 - 56% - 60% - 7:23
2 - 44% - 40% - 5:48
PK3 Forward
1 - 0% - 60%
2 - 0% - 40%
PK3 Defense
1 - 0% - 60%
2 - 0% - 40%
44 Forward
1 - 0% - 60%
2 - 0% - 40%
44 Defense
1 - 0% - 60%
2 - 0% - 40%
Last Minute Offensive  - 0:29
Last Minute Defensive  - 0:00
Total
Forward - 60:00
Defense - 60:00

Play by Play

1st period


0:01 of 1st period - Ben Street wins face-off versus Andrej Nestrasil in neutral zone.
0:43 of 1st period - Minor Penalty to Bryan Allen for Roughing.
0:44 of 1st period - Bryan Lerg wins face-off versus Taylor Beck in Phantoms zone.
0:55 of 1st period - Wrist shot by Connor Brickley.
0:55 of 1st period - Shot Blocked by Brian Strait.
0:57 of 1st period - Snap shot by Connor Brickley.
0:57 of 1st period - Shot Misses the Net.
1:37 of 1st period - Tomas Kundratek is hit by Bryan Lerg and loses puck.
2:03 of 1st period - Wrist shot by Colton Sceviour.
2:03 of 1st period - Shot Blocked by Brian Strait.
2:05 of 1st period - Wrist shot by Colton Sceviour.
2:05 of 1st period - Stopped by Marek Mazanec with a rebound.
2:07 of 1st period - Slapshot by Michal Rozsival.
2:07 of 1st period - Stopped by Marek Mazanec with a rebound.
2:09 of 1st period - Snap shot by Michal Rozsival.
2:09 of 1st period - Stopped by Marek Mazanec with a rebound.
2:11 of 1st period - Slapshot by Nate Prosser.
2:11 of 1st period - Shot Misses the Net.
2:29 of 1st period - Ben Street is hit by Michal Rozsival and loses puck.
2:43 of 1st period - Penalty to Bryan Allen is over, Bryan Allen is back on ice.
3:40 of 1st period - Deryk Engelland is hit by Tomas Kundratek and loses puck.
4:36 of 1st period - Deryk Engelland is hit by Liam O'Brien and loses puck.
5:07 of 1st period - Wrist shot by Taylor Beck.
5:07 of 1st period - Shot Misses the Net.
5:17 of 1st period - Jared Nightingale is hit by Joel Chouinard and loses puck.
9:03 of 1st period - Snap shot by Taylor Beck.
9:03 of 1st period - Shot Misses the Net.
9:39 of 1st period - Minor Penalty to Stephen Johns for Interference.
9:40 of 1st period - Bryan Lerg wins face-off versus Andrej Nestrasil in Phantoms zone.
9:49 of 1st period - Wrist shot by Andrej Nestrasil.
9:49 of 1st period - Shot Hit the Post.
9:51 of 1st period - Slapshot by Nate Prosser.
9:51 of 1st period - Shot Blocked by Bryan Allen.
11:07 of 1st period - Snap shot by Andrej Nestrasil.
11:07 of 1st period - Shot Misses the Net.
11:09 of 1st period - Slapshot by Keaton Ellerby.
11:09 of 1st period - Stopped by Marek Mazanec with a rebound.
11:25 of 1st period - Wrist shot by Christian Thomas.
11:25 of 1st period - Stopped by Marek Mazanec without a rebound.
11:26 of 1st period - Ben Street wins face-off versus Connor Brickley in Phantoms zone.
11:35 of 1st period - Bryan Allen is hit by Christian Thomas.
11:39 of 1st period - Penalty to Stephen Johns is over, Stephen Johns is back on ice.
11:52 of 1st period - Bryan Allen is hit by Bryan Rust and loses puck.
11:59 of 1st period - Tanner Richard is hit by Steve MacIntyre and loses puck.
13:10 of 1st period - Snap shot by Keaton Ellerby.
13:10 of 1st period - Shot Blocked by Ben Street.
14:39 of 1st period - Nate Prosser is hit by Garrett Wilson and loses puck.
15:15 of 1st period - Backhand shot by Steve MacIntyre.
15:15 of 1st period - Shot Blocked by Joel Chouinard.
15:32 of 1st period - Double Minor Penalty to Stephen Johns for Slashing.
15:33 of 1st period - Colton Sceviour wins face-off versus Bryan Lerg in Phantoms zone.
16:09 of 1st period - Deryk Engelland is hit by Connor Brickley and loses puck.
16:24 of 1st period - Slapshot by Daniel Briere.
16:24 of 1st period - Stopped by Marek Mazanec without a rebound.
16:25 of 1st period - Andrej Nestrasil wins face-off versus Bryan Lerg in Phantoms zone.
17:40 of 1st period - Wrist shot by Christian Thomas.
17:40 of 1st period - Deflect By Deryk Engelland.
17:40 of 1st period - Shot Blocked by Stu Bickel.
17:40 of 1st period - Puck is out of play.
17:41 of 1st period - Byron Froese wins face-off versus Connor Brickley in Phantoms zone.
18:21 of 1st period - Brian Strait is hit by Connor Brickley and loses puck.
18:48 of 1st period - Wrist shot by Bryan Rust.
18:48 of 1st period - Goal by Bryan Rust - Rampage : 1 - Phantoms : 0.
18:49 of 1st period - Max Friberg wins face-off versus Byron Froese in neutral zone.
19:00 of 1st period - Snap shot by Max Friberg.
19:00 of 1st period - Shot Misses the Net.
19:18 of 1st period - Minor Penalty to Garrett Wilson for Goalie Interference.
19:19 of 1st period - Ben Street wins face-off versus Andrej Nestrasil in Phantoms zone.
Goals for this period are 1 for Rampage vs 0 for Phantoms.
Shots for this period are 7 for Rampage vs 0 for Phantoms.

2nd period


0:01 of 2nd period - Bryan Lerg wins face-off versus Andrej Nestrasil in neutral zone.
0:14 of 2nd period - Snap shot by Andrej Nestrasil.
0:14 of 2nd period - Stopped by Marek Mazanec with a rebound.
0:16 of 2nd period - Slapshot by Michal Rozsival.
0:16 of 2nd period - Shot Misses the Net.
0:18 of 2nd period - Snap shot by Nate Prosser.
0:18 of 2nd period - Stopped by Marek Mazanec with a rebound.
1:03 of 2nd period - Ben Street is hit by Connor Brickley and loses puck.
1:18 of 2nd period - Penalty to Garrett Wilson is over, Garrett Wilson is back on ice.
1:49 of 2nd period - Snap shot by Bryan Rust.
1:49 of 2nd period - Shot Misses the Net.
1:51 of 2nd period - Wrist shot by Tanner Richard.
1:51 of 2nd period - Stopped by Marek Mazanec without a rebound.
1:52 of 2nd period - Byron Froese wins face-off versus FARM PLAYER10 in Phantoms zone.
1:57 of 2nd period - Slapshot by Michal Rozsival.
1:57 of 2nd period - Stopped by Marek Mazanec without a rebound.
1:58 of 2nd period - Byron Froese wins face-off versus FARM PLAYER10 in Phantoms zone.
2:11 of 2nd period - Snap shot by Chris Neil.
2:11 of 2nd period - Shot Misses the Net.
2:13 of 2nd period - Snap shot by Chris Neil.
2:13 of 2nd period - Stopped by Pheonix Copley without a rebound.
2:14 of 2nd period - Bryan Lerg wins face-off versus Andrej Nestrasil in Rampage zone.
2:39 of 2nd period - Snap shot by Deryk Engelland.
2:39 of 2nd period - Shot Blocked by Colton Sceviour.
3:03 of 2nd period - Backhand shot by Byron Froese.
3:03 of 2nd period - Shot Blocked by Keaton Ellerby.
3:05 of 2nd period - Snap shot by Chris Neil.
3:05 of 2nd period - Deflect By Garrett Wilson.
3:05 of 2nd period - Shot Misses the Net.
3:05 of 2nd period - Puck is out of play.
3:06 of 2nd period - Byron Froese wins face-off versus Connor Brickley in Rampage zone.
3:21 of 2nd period - Wrist shot by Chris Neil.
3:21 of 2nd period - Shot Misses the Net.
3:23 of 2nd period - Slapshot by Martin Gernat.
3:23 of 2nd period - Shot Blocked by Taylor Beck.
3:25 of 2nd period - Snap shot by Byron Froese.
3:25 of 2nd period - Shot Blocked by Nate Prosser.
3:27 of 2nd period - Backhand shot by Martin Gernat.
3:27 of 2nd period - Stopped by Pheonix Copley with a rebound.
3:36 of 2nd period - Off-side.
3:37 of 2nd period - Ben Street wins face-off versus Tanner Richard in neutral zone.
3:44 of 2nd period - Wrist shot by Bryan Rust.
3:44 of 2nd period - Stopped by Marek Mazanec with a rebound.
3:58 of 2nd period - Snap shot by Max Friberg.
3:58 of 2nd period - Stopped by Marek Mazanec with a rebound.
4:42 of 2nd period - Snap shot by Chris Neil.
4:42 of 2nd period - Shot Misses the Net.
4:44 of 2nd period - Snap shot by Bryan Allen.
4:44 of 2nd period - Deflect By Byron Froese.
4:44 of 2nd period - Stopped by Pheonix Copley without a rebound.
4:45 of 2nd period - Colton Sceviour wins face-off versus Chris Langkow in Rampage zone.
4:50 of 2nd period - Snap shot by Andrej Nestrasil.
4:50 of 2nd period - Stopped by Marek Mazanec with a rebound.
6:12 of 2nd period - Wrist shot by Byron Froese.
6:12 of 2nd period - Shot Blocked by Daniel Briere.
6:34 of 2nd period - Christian Thomas is hit by Steve MacIntyre.
7:40 of 2nd period - Chris Neil is hit by Tanner Richard and loses puck.
7:46 of 2nd period - Off-side.
7:47 of 2nd period - FARM PLAYER10 wins face-off versus Byron Froese in neutral zone.
8:09 of 2nd period - Ben Street is hit by Joel Chouinard and loses puck.
8:14 of 2nd period - Wrist shot by Liam O'Brien.
8:14 of 2nd period - Shot Misses the Net.
8:16 of 2nd period - Backhand shot by Keaton Ellerby.
8:16 of 2nd period - Shot Blocked by Stephen Johns.
8:18 of 2nd period - Slapshot by Tomas Kundratek.
8:18 of 2nd period - Shot Blocked by Deryk Engelland.
8:20 of 2nd period - Slapshot by Keaton Ellerby.
8:20 of 2nd period - Shot Blocked by Ben Street.
8:22 of 2nd period - Slapshot by FARM PLAYER10.
8:22 of 2nd period - Shot Misses the Net.
8:24 of 2nd period - Snap shot by Keaton Ellerby.
8:24 of 2nd period - Stopped by Marek Mazanec without a rebound.
8:25 of 2nd period - Ben Street wins face-off versus Connor Brickley in Phantoms zone.
8:25 of 2nd period - Ben Street is hit by Keaton Ellerby.
9:49 of 2nd period - Wrist shot by Ben Street.
9:49 of 2nd period - Stopped by Pheonix Copley without a rebound.
9:50 of 2nd period - Ben Street wins face-off versus FARM PLAYER10 in Rampage zone.
9:51 of 2nd period - Wrist shot by Deryk Engelland.
9:51 of 2nd period - Deflect By Nate Prosser.
9:51 of 2nd period - Stopped by Pheonix Copley with a rebound.
9:59 of 2nd period - Stu Bickel is hit by Liam O'Brien and loses puck.
11:02 of 2nd period - Wrist shot by Andrej Nestrasil.
11:02 of 2nd period - Shot Misses the Net.
11:04 of 2nd period - Slapshot by Michal Rozsival.
11:04 of 2nd period - Shot Blocked by Greg Zanon.
11:10 of 2nd period - Minor Penalty to Stu Bickel for Cross-checking.
11:11 of 2nd period - Connor Brickley wins face-off versus Bryan Lerg in Phantoms zone.
11:46 of 2nd period - Slapshot by Brian Strait.
11:46 of 2nd period - Shot Blocked by Tomas Kundratek.
12:15 of 2nd period - Ben Street is hit by Keaton Ellerby and loses puck.
13:05 of 2nd period - Tomas Kundratek is hit by Deryk Engelland and loses puck.
13:10 of 2nd period - Penalty to Stu Bickel is over, Stu Bickel is back on ice.
13:35 of 2nd period - Wrist shot by Max Friberg.
13:35 of 2nd period - Stopped by Marek Mazanec with a rebound.
13:37 of 2nd period - Snap shot by Tomas Kundratek.
13:37 of 2nd period - Stopped by Marek Mazanec with a rebound.
13:39 of 2nd period - Slapshot by Tomas Kundratek.
13:39 of 2nd period - Shot Misses the Net.
14:38 of 2nd period - Slapshot by Michal Rozsival.
14:38 of 2nd period - Deflect By Byron Froese.
14:38 of 2nd period - Stopped by Marek Mazanec without a rebound.
14:39 of 2nd period - Chris Langkow wins face-off versus FARM PLAYER10 in Phantoms zone.
14:39 of 2nd period - Chris Langkow is hit by Michal Rozsival.
14:47 of 2nd period - Wrist shot by Jared Nightingale.
14:47 of 2nd period - Shot Blocked by Michal Rozsival.
15:23 of 2nd period - Byron Froese is hit by Daniel Briere and loses puck.
15:48 of 2nd period - Taylor Beck is hit by Tom Sestito.
16:25 of 2nd period - Garrett Wilson is hit by Bryan Rust and loses puck.
16:37 of 2nd period - Off-side.
16:38 of 2nd period - Chris Langkow wins face-off versus Andrej Nestrasil in neutral zone.
16:47 of 2nd period - Wrist shot by Chris Langkow.
16:47 of 2nd period - Shot Misses the Net.
16:49 of 2nd period - Minor Penalty to Andrej Nestrasil for Holding.
16:50 of 2nd period - Byron Froese wins face-off versus Colton Sceviour in Rampage zone.
16:51 of 2nd period - Snap shot by Chris Neil.
16:51 of 2nd period - Stopped by Pheonix Copley without a rebound.
16:52 of 2nd period - Colton Sceviour wins face-off versus Byron Froese in Rampage zone.
16:52 of 2nd period - Colton Sceviour is hit by Byron Froese.
17:06 of 2nd period - Snap shot by Byron Froese.
17:06 of 2nd period - Shot Misses the Net.
18:47 of 2nd period - Nate Prosser is hit by Chris Neil and loses puck.
18:49 of 2nd period - Penalty to Andrej Nestrasil is over, Andrej Nestrasil is back on ice.
19:15 of 2nd period - Steve MacIntyre and Christian Thomas fight to a draw.
19:15 of 2nd period - Penalty to Steve MacIntyre for Fighting.
19:15 of 2nd period - Penalty to Christian Thomas for Fighting.
19:16 of 2nd period - Connor Brickley wins face-off versus Chris Langkow in neutral zone.
19:31 of 2nd period - Snap shot by Taylor Beck.
19:31 of 2nd period - Shot Misses the Net.
19:33 of 2nd period - Snap shot by Taylor Beck.
19:33 of 2nd period - Shot Misses the Net.
19:35 of 2nd period - Slapshot by Taylor Beck.
19:35 of 2nd period - Shot Misses the Net.
Goals for this period are 0 for Rampage vs 0 for Phantoms.
Shots for this period are 11 for Rampage vs 6 for Phantoms.

3rd period


0:01 of 3rd period - Ben Street wins face-off versus Andrej Nestrasil in neutral zone.
0:06 of 3rd period - Snap shot by Brian Strait.
0:06 of 3rd period - Shot Blocked by Daniel Briere.
0:55 of 3rd period - Keaton Ellerby is hit by Brian Strait and loses puck.
1:12 of 3rd period - Snap shot by Chris Neil.
1:12 of 3rd period - Shot Misses the Net.
1:18 of 3rd period - Snap shot by Garrett Wilson.
1:18 of 3rd period - Stopped by Pheonix Copley with a rebound.
1:20 of 3rd period - Wrist shot by Chris Neil.
1:20 of 3rd period - Stopped by Pheonix Copley without a rebound.
1:21 of 3rd period - Chris Langkow wins face-off versus FARM PLAYER10 in Rampage zone.
1:26 of 3rd period - Snap shot by Deryk Engelland.
1:26 of 3rd period - Stopped by Pheonix Copley with a rebound.
2:51 of 3rd period - Off-side.
2:52 of 3rd period - Chris Langkow wins face-off versus Taylor Beck in neutral zone.
4:22 of 3rd period - Snap shot by Daniel Briere.
4:22 of 3rd period - Shot Misses the Net.
4:24 of 3rd period - Snap shot by Colton Sceviour.
4:24 of 3rd period - Shot Blocked by Stu Bickel.
5:04 of 3rd period - Garrett Wilson is hit by Max Friberg and loses puck.
5:25 of 3rd period - Taylor Beck is hit by Deryk Engelland and loses puck.
6:29 of 3rd period - Bryan Rust is hit by Tom Sestito and loses puck.
6:52 of 3rd period - Snap shot by Brian Strait.
6:52 of 3rd period - Shot Blocked by Joel Chouinard.
7:04 of 3rd period - Slapshot by Brian Strait.
7:04 of 3rd period - Deflect By Ben Street.
7:04 of 3rd period - Stopped by Pheonix Copley with a rebound.
7:08 of 3rd period - Snap shot by Deryk Engelland.
7:08 of 3rd period - Stopped by Pheonix Copley with a rebound.
7:10 of 3rd period - Slapshot by Bryan Allen.
7:10 of 3rd period - Shot Blocked by Bryan Rust.
7:12 of 3rd period - Slapshot by Brian Strait.
7:12 of 3rd period - Shot Blocked by Nate Prosser.
7:32 of 3rd period - Wrist shot by Byron Froese.
7:32 of 3rd period - Shot Misses the Net.
7:38 of 3rd period - Stu Bickel is hit by Connor Brickley.
8:12 of 3rd period - Wrist shot by Chris Langkow.
8:12 of 3rd period - Shot Misses the Net.
8:14 of 3rd period - Slapshot by Keegan Lowe.
8:14 of 3rd period - Stopped by Pheonix Copley with a rebound.
8:51 of 3rd period - Minor Penalty to Keegan Lowe for Boarding.
8:52 of 3rd period - Bryan Lerg wins face-off versus Connor Brickley in Phantoms zone.
9:03 of 3rd period - Bryan Allen is hit by Taylor Beck and loses puck.
9:16 of 3rd period - Ben Street is hit by Connor Brickley.
10:09 of 3rd period - Snap shot by Daniel Briere.
10:09 of 3rd period - Stopped by Marek Mazanec with a rebound.
10:11 of 3rd period - Slapshot by Michal Rozsival.
10:11 of 3rd period - Shot Misses the Net.
10:28 of 3rd period - Deryk Engelland is hit by Taylor Beck and loses puck.
10:51 of 3rd period - Penalty to Keegan Lowe is over, Keegan Lowe is back on ice.
10:59 of 3rd period - Slapshot by Andrej Nestrasil.
10:59 of 3rd period - Stopped by Marek Mazanec without a rebound.
11:00 of 3rd period - Andrej Nestrasil wins face-off versus Chris Langkow in Phantoms zone.
11:18 of 3rd period - Bryan Rust is hit by Stephen Johns and loses puck.
11:32 of 3rd period - Steve MacIntyre is hit by Tanner Richard.
11:40 of 3rd period - Brian Strait is hit by Max Friberg.
12:36 of 3rd period - Wrist shot by Bryan Lerg.
12:36 of 3rd period - Shot Misses the Net.
13:01 of 3rd period - Wrist shot by Bryan Rust.
13:01 of 3rd period - Shot Misses the Net.
13:03 of 3rd period - Snap shot by Nate Prosser.
13:03 of 3rd period - Deflect By Bryan Rust.
13:03 of 3rd period - Stopped by Marek Mazanec with a rebound.
13:05 of 3rd period - Slapshot by Michal Rozsival.
13:05 of 3rd period - Stopped by Marek Mazanec without a rebound.
13:06 of 3rd period - Tanner Richard wins face-off versus Byron Froese in Phantoms zone.
13:11 of 3rd period - Snap shot by Bryan Rust.
13:11 of 3rd period - Stopped by Marek Mazanec with a rebound.
13:23 of 3rd period - Wrist shot by Colton Sceviour.
13:23 of 3rd period - Shot Blocked by Jared Nightingale.
14:18 of 3rd period - Icing by Brian Strait.
14:19 of 3rd period - Chris Langkow wins face-off versus FARM PLAYER10 in Phantoms zone.
14:40 of 3rd period - Stu Bickel is hit by Liam O'Brien and loses puck.
15:01 of 3rd period - Bryan Allen is hit by Joel Chouinard and loses puck.
15:30 of 3rd period - Stephen Johns is hit by Joel Chouinard and loses puck.
15:40 of 3rd period - Off-side.
15:41 of 3rd period - Chris Langkow wins face-off versus Andrej Nestrasil in neutral zone.
16:18 of 3rd period - Jared Nightingale is hit by Colton Sceviour and loses puck.
16:46 of 3rd period - Chris Langkow is hit by Connor Brickley.
17:00 of 3rd period - Taylor Beck is hit by Steve MacIntyre and loses puck.
17:12 of 3rd period - Deryk Engelland is hit by Michal Rozsival and loses puck.
17:23 of 3rd period - Max Friberg is hit by Deryk Engelland and loses puck.
17:59 of 3rd period - Icing by Garrett Wilson.
18:00 of 3rd period - Byron Froese wins face-off versus FARM PLAYER10 in Phantoms zone.
18:16 of 3rd period - Snap shot by Liam O'Brien.
18:16 of 3rd period - Shot Misses the Net.
18:18 of 3rd period - Wrist shot by Liam O'Brien.
18:18 of 3rd period - Stopped by Marek Mazanec with a rebound.
18:20 of 3rd period - Slapshot by Keaton Ellerby.
18:20 of 3rd period - Stopped by Marek Mazanec without a rebound.
18:21 of 3rd period - Ben Street wins face-off versus Connor Brickley in Phantoms zone.
19:00 of 3rd period - Byron Froese is hit by Tomas Kundratek and loses puck.
19:13 of 3rd period - Snap shot by Andrej Nestrasil.
19:13 of 3rd period - Shot Blocked by Bryan Allen.
19:15 of 3rd period - Wrist shot by Daniel Briere.
19:15 of 3rd period - Shot Blocked by Chris Neil.
19:51 of 3rd period - Phantoms, Marek Mazanec is pulled from the net.
19:53 of 3rd period - Snap shot by Ben Street.
19:53 of 3rd period - Shot Misses the Net.
19:55 of 3rd period - Wrist shot by Stu Bickel.
19:55 of 3rd period - Stopped by Pheonix Copley with a rebound.
19:57 of 3rd period - Snap shot by Bryan Allen.
19:57 of 3rd period - Shot Misses the Net.
19:59 of 3rd period - Wrist shot by Bryan Allen.
19:59 of 3rd period - Stopped by Pheonix Copley with a rebound.
Goals for this period are 0 for Rampage vs 0 for Phantoms.
Shots for this period are 7 for Rampage vs 8 for Phantoms.